 Dungeon Crawl Stone Soup version 0.30-a0-459-g9104f0fc43 (webtiles) character file.

Game seed: 16990819602106599397

286 Ijustatesigmund the Magician (level 6, 0/47 HPs)
             Began as a Djinni Fire Elementalist on Dec 15, 2022.
             Was an Initiate of Makhleb.
             Slain by a gnoll
             ... wielding a +0 spear
              (2 damage)
             ... on level 3 of the Dungeon.
             The game lasted 00:03:37 (2565 turns).

Ijustatesigmund the Magician (DjFE)                 Turns: 2565, Time: 00:03:39

Health: 0/47       AC:  2    Str:  6 (7)  XL:     6   Next: 56%
Gold:   54         EV: 12    Int: 17 (19) God:    Makhleb [......] SH:  0 Dex: 11 (13)

rFire   + + .      SeeInvis .    e - +0 hand axe
rCold   x . .      Faith    .    (no shield)
rNeg    . . .      Spirit   .    a - +0 robe
rPois   ∞          Reflect  .    (no helmet)
rElec   .          Harm     .    (no cloak)
rCorr   .          Rampage  .    (no gloves)
Will    .....                    (boots unavailable)
Stlth   ++........               (no amulet)
HPRegen 0.27/turn                (no ring)
MPRegen 0.00/turn                (no ring)

@: flying
A: sickness immunity, fire resistance 2, cold vulnerability 1, float, innate
caster, HP casting, extra vitality 1
a: Renounce Religion


You were on level 3 of the Dungeon.
You worshipped Makhleb.
Makhleb was noncommittal.
You visited 1 branch of the dungeon, and saw 3 of its levels.

You collected 54 gold pieces.

Inventory:

Hand Weapons
 e - a +0 hand axe (weapon)
Armour
 a - a +0 robe (worn)
Jewellery
 g - a ring of ice
 i - a +4 ring of protection
Wands
 n - a wand of flame (18)
Scrolls
 b - a scroll of identify {unknown}
 c - a scroll of amnesia {unknown}
 d - a scroll of magic mapping
 h - a scroll of blinking {unknown}
 l - a scroll of summoning {unknown}
 m - a scroll of immolation {unknown}
Potions
 f - a potion of mutation {unknown}
 j - a potion of lignification {unknown}
 k - a potion of degeneration


   Skills:
 + Level 3.8 Fighting
 - Level 2.1 Dodging
 - Level 1.5 Stealth
 + Level 3.9 Spellcasting
 + Level 1.6 Invocations


You couldn't memorise any spells.
You knew the following spells:

 Your Spells              Type           Power      Damage    Failure   Level
a - Foxfire               Conj/Fire      64%        2x1d7     3%          1
b - Scorch                Fire           32%        2d6       4%          2
c - Kindle Blastsparks    Fire/Tloc/Air  32%        2d12      10%         3
d - Inner Flame           Hex/Fire       16%        N/A       10%         3
e - Flame Wave            Conj/Fire      16%        2d7       30%         4
f - Kiss of Death         Conj/Necr      64%        2d10      3%          1
g - Searing Ray           Conj           32%        2d5       4%          2
Your spell library was empty.

Dungeon Overview and Level Annotations

Branches:
Dungeon (3/15)

Altars:
Makhleb

Shops:
D:1 *   D:2 (


Innate Abilities, Weirdness & Mutations

You are immune to sickness and miasma.
You are immune to poison.
Your flesh is very heat resistant. (rF++)
You are vulnerable to cold. (rC-)
You float through the air rather than walking.
You learn spells naturally, not from books.
Your magical power is your life essence.
You have superior vitality. (+4 MHP)


Message History

You kill the adder!
Makhleb accepts your kill. The gnoll misses you.
The gnoll completely misses you.
Casting: Scorch (safe; 4% risk of failure)
Confirm with . or Enter, or press ? or * to list all spells.
Flames lash the gnoll.
You kill the gnoll!
Makhleb accepts your kill. The gnoll barely misses you.
Casting: Scorch (safe; 4% risk of failure)
Confirm with . or Enter, or press ? or * to list all spells.
Flames lash the gnoll.
The gnoll is heavily wounded.
The gnoll's fire resistance burns away.
The gnoll hits you from afar with a +0 spear.
* * * LOW HITPOINT WARNING * * *
The gnoll hits you from afar with a +0 spear.
* * * LOW HITPOINT WARNING * * *
Okay, then.
It was a potion of degeneration.
There was something very wrong with that liquid.
You feel weakened.
You feel dopey.
You feel clumsy.
The gnoll hits you from afar with a +0 spear.
* * * LOW HITPOINT WARNING * * *
As you read the scroll labelled ORRIRH OFETEJA, it crumbles to dust.
You feel aware of your surroundings.
It was a scroll of magic mapping.
The gnoll hits you from afar with a +0 spear.
* * * LOW HITPOINT WARNING * * *
The gnoll is no longer more vulnerable to fire.
Casting: Scorch (safe; 4% risk of failure)
Confirm with . or Enter, or press ? or * to list all spells.
Flames lash the gnoll.
The gnoll is severely wounded.
The gnoll's fire resistance burns away.
* * * LOW HITPOINT WARNING * * *
The gnoll hits you from afar with a +0 spear.
* * * LOW HITPOINT WARNING * * *
The gnoll hits you from afar with a +0 spear.
You die...

#### #####,,,,,,,, ...#
#...#........
...##################...#........
........................#........
...####.....#########.###.....$.w
..##....###.# #.# *,..g....
#.##.#....#.# #.# *,,....,,
#.##.#....#.#########.####'#'####
................@.g..w..†).....>#
#....#..............#.####.####.#
#######.#.#########.#......# *,*
........#.# #.########***,*
#########.# ######........,,,,,,
.......##.# #..#.....#####****,*
.......##.####........# ***'*
.......##....#._......# *,,,,
.......#######........# *,,,,


You could see a worm and a gnoll (combustible).

Vanquished Creatures
  An ogre (D:3)
  Natasha (thrice) (D:3)
  3 adders
  2 gnolls (D:3)
  3 worms
  3 dart slugs
  4 orcs (D:3)
  2 bats (D:1)
  4 endoplasms
  4 giant cockroaches
  8 goblins
  3 hobgoblins
  2 jackals (D:2)
  4 quokkas
  8 ball pythons
  8 kobolds
  5 rats
67 creatures vanquished.

Vanquished Creatures (others)
  173 foxfires
173 creatures vanquished.

Grand Total: 240 creatures vanquished

Notes
Turn   | Place    | Note
-------+----------+-------------------------------------------
     0 | D:1      | Ijustatesigmund the Djinni Fire Elementalist began the
                  | quest for the Orb.
     0 | D:1      | Ijustatesigmund set off with the following spells
                  | memorised: Foxfire, Scorch, Kindle Blastsparks, Inner
                  | Flame, Flame Wave.
     0 | D:1      | Reached XP level 1. HP: 15/15 MP: 0/0
    38 | D:1      | Reached skill level 1 in Fighting
    38 | D:1      | Reached XP level 2. HP: 13/22 MP: 0/0
   224 | D:1      | Found Xodezik's Assorted Antiques.
   457 | D:1      | Reached XP level 3. HP: 23/27 MP: 0/0
   457 | D:1      | Learned a level 1 spell: Kiss of Death
   519 | D:1      | Found a faded altar of an unknown god.
   956 | D:2      | Reached XP level 4. HP: 28/33 MP: 0/0
  1722 | D:2      | Found Tioraeqa's Weapon Boutique.
  1878 | D:3      | Noticed an ogre
  1885 | D:3      | Killed an ogre
  1886 | D:3      | Reached XP level 5. HP: 37/40 MP: 0/0
  1886 | D:3      | Learned a level 2 spell: Searing Ray
  1899 | D:3      | Found a burning altar of Makhleb.
  1903 | D:3      | Became a worshipper of Makhleb the Destroyer
  2258 | D:3      | Noticed Natasha
  2263 | D:3      | Killed Natasha
  2264 | D:3      | Reached skill level 1 in Invocations
  2264 | D:3      | Reached XP level 6. HP: 35/46 MP: 0/0
  2372 | D:3      | Noticed Natasha
  2377 | D:3      | Killed Natasha
  2495 | D:3      | Noticed Natasha
  2502 | D:3      | Killed Natasha
  2564 | D:3      | HP: 2/47 [gnoll/+0 spear (5)]
  2565 | D:3      | Slain by a gnoll

Illustrated notes

Levels and vault maps discovered:
D:1:      wander_arrival_desolate, layout_loops_ring, serial_shops,
          nicolae_shop_crystal, nicolae_ecumenical_snake_handling
D:2:      layout_basic, serial_shops, shop
D:3:      layout_basic, mainiacjoe_overflow_alcove_1, uniq_crazy_yiuf_cottage,
          uniq_natasha

Skill      XL: |  1  2  3  4  5 |
---------------+----------------+-----
Fighting       | 1 2 3 |  3.8
Spellcasting   | 3 |  3.9
Invocations    | 1 |  1.6
Dodging        | |  2.1
Stealth        | |  1.5

Action                   |  1- 3 |  4- 6 || total
-------------------------+-------+-------++-------
Melee: Unarmed           |     1 |       ||     1
 Cast: Foxfire           |    50 |    58 ||   108
       Scorch            |    19 |    22 ||    41
  Use: Scroll            |       |     1 ||     1
       Potion            |       |     1 ||     1
Armor: Robe              |       |     4 ||     4
Dodge: Dodged            |    10 |    19 ||    29

Table legend: (Time is in decaauts)
 A = Elapsed time spent in this place.
 B = Non-inter-level travel time spent in this place.
 C = Inter-level travel time spent in this place.
 D = Time resting spent in this place.
 E = Time spent auto-exploring this place.
 F = Levels seen in this place.
 G = Mean time per level.
                   A        B        C        D        E       F      G
               +--------+--------+--------+--------+--------+-----+--------+
         Total |   2563 |   2530 |     33 |    109 |   2013 |   3 |  854.3 |
       Dungeon |   2563 |   2530 |     33 |    109 |   2013 |   3 |  854.3 |
               +--------+--------+--------+--------+--------+-----+--------+

Top non-repeatable levels by time:
     D:2: 1126 daAuts
     D:1: 725 daAuts
     D:3: 711 daAuts
